 Dungeon Crawl Stone Soup version 0.30.0 (webtiles) character file.

Game seed: 311180422610754518

29855 becking the Severer (level 13, -4/118 HPs)
             Began as a Hill Orc Monk on May 6, 2023.
             Was a High Priest of Beogh.
             Slain by a death knight
             ... wielding a +3 great mace
              (24 damage)
             ... on level 14 of the Dungeon.
             The game lasted 00:44:44 (13689 turns).

becking the Severer (Hill Orc Monk)                Turns: 13689, Time: 00:44:45

Health: -4/118     AC: 18    Str: 19    XL:     13   Next: 47%
Magic:  18/18      EV: 15    Int: 10    God:    Beogh [*****.]
Gold:   1247       SH:  6    Dex: 13    Spells: 12/12 levels left

rFire   + + .        x - +7 war axe (venom)
rCold   . . .        E - +1 buckler {reflect}
rNeg    + . .        L - +0 chain mail "Yluteof" {Fly Slay+5}
rPois   +            t - +0 helmet
rElec   .            (no cloak)
rCorr   .            q - +0 pair of gloves
SInv    .            J - +2 pair of boots
Will    .....        V - amulet of regeneration Stlth
                     n - +5 ring of evasion
HPRegen 1.19/turn    h - ring of Vaprymp {rPois rF++ rN+}
MPRegen 0.16/turn

%: reflection
@: about to teleport, flying
A: walk on water
a: Renounce Religion, Smiting, Recall Orcish Followers, Give Item to Named
Follower


You were on level 14 of the Dungeon.
You worshipped Beogh.
Beogh was extremely pleased with you.
You visited 2 branches of the dungeon, and saw 16 of its levels.
You also visited: Sewer and Bailey.

You collected 2369 gold pieces.
You spent 1122 gold pieces at shops.

Inventory:

Hand Weapons
 w - the +7 arbalest "Faukk" {flame, Dex+3}
   (You found it in a bailey)

   Dex:       It affects your dexterity (+3).
 x - a +7 war axe of venom (weapon)
 A - a +4 heavy broad axe
Missiles
 R - a throwing net (quivered)
Armour
 q - a +0 pair of gloves (worn)
 t - a +0 helmet (worn)
 E - a +1 buckler of reflection (worn)
 J - a +2 pair of boots (worn)
 K - a +1 scale mail of fire resistance
 L - the +0 chain mail "Yluteof" (worn) {Fly Slay+5}
   (You bought it in a shop on level 2 of the Orcish Mines)

   Slay:      It affects your accuracy & damage with ranged weapons and melee
   (+5).
   Fly:       It grants you flight.
 M - the +2 leather armour "Yngen" {rCorr Str+5}
   (You bought it in a shop on level 2 of the Orcish Mines)

   Str:       It affects your strength (+5).
   rCorr:     It protects you from acid and corrosion.
Jewellery
 h - the ring of Vaprymp (right hand) {rPois rF++ rN+}
   (You acquired it on level 4 of the Dungeon)

   [ring of positive energy]

   rF:        It greatly protects you from fire.
   rPois:     It protects you from poison.
   rN:        It protects you from negative energy.
 n - a +5 ring of evasion (left hand)
 s - a ring of protection from cold
 V - an amulet of regeneration (around neck)
Wands
 z - a wand of quicksilver (3)
 D - a wand of flame (34)
 N - a wand of iceblast (7)
 P - a wand of charming (5)
Scrolls
 d - 2 scrolls of blinking
 i - 6 scrolls of teleportation
 j - 4 scrolls of vulnerability
 l - 3 scrolls of immolation
 r - a scroll of poison
 y - a scroll of fear
 C - a scroll of fog
 I - 2 scrolls of magic mapping
 O - a scroll of brand weapon
 S - a scroll of butterflies
 U - a scroll of enchant armour {unknown}
 W - a scroll of torment {unknown}
 X - a scroll of enchant weapon
 Y - 2 scrolls of identify
 Z - a scroll of amnesia {unknown}
Potions
 a - a potion of brilliance
 b - 3 potions of resistance
 c - a potion of ambrosia
 e - 6 potions of haste
 f - a potion of magic {unknown}
 g - a potion of cancellation
 k - 5 potions of lignification
 m - a potion of attraction
 o - 2 potions of might
 p - 3 potions of mutation
 u - 9 potions of flight
 B - 2 potions of curing
 F - 4 potions of berserk rage
 Q - 3 potions of heal wounds
Miscellaneous
 H - a piece from Xom's chessboard (12/15)


   Skills:
 + Level 12.3 Fighting
 + Level 17.9 Axes
 + Level 10.5 Armour
 + Level 5.9 Dodging
 + Level 5.0 Stealth
 + Level 4.9 Shields
 * Level 7.8 Invocations
 + Level 2.4 Evocations


You had 12 spell levels left.
You didn't know any spells.
Your spell library contained the following spells:

 Spells                   Type           Power      Damage    Failure   Level
 Apportation              Tloc           0%         N/A       95%         1
 Magic Dart               Conj           0%         1d3       95%         1
 Necrotise                Necr           0%         1d4       95%         1
 Sandblast                Erth           0%         2d4       95%         1
 Summon Small Mammal      Summ           0%         N/A       95%         1
 Call Imp                 Summ           0%         N/A       99%         2
 Passwall                 Tmut/Erth      0%         N/A       99%         2
 Poisonous Vapours        Pois/Air       0%         N/A       99%         2
 Searing Ray              Conj           0%         2d4       99%         2
 Inner Flame              Hex/Fire       0%         N/A       100%        3
 Mephitic Cloud           Conj/Pois/Air  0%         N/A       100%        3
 Ozocubu's Armour         Ice            0%         N/A       100%        3
 Stone Arrow              Conj/Erth      0%         3d7       100%        3
 Cause Fear               Hex            0%         N/A       100%        4
 Fulminant Prism          Conj/Hex       0%         3d5       100%        4
 Freezing Cloud           Conj/Ice/Air   0%         6-21      100%        5
 Metabolic Englaciation   Hex/Ice        0%         N/A       100%        5
 Yara's Violent Unravell  Hex/Tmut       0%         3d3       100%        5
 Simulacrum               Ice/Necr       0%         N/A       100%        6
 Dragon Form              Tmut           0%         N/A       100%        7
 Enfeeble                 Hex            0%         N/A       100%        7
 Chain Lightning          Conj/Air       0%         N/A       100%        9
 Dragon's Call            Summ           0%         N/A       100%        9
 Fire Storm               Conj/Fire      0%         5d1       100%        9
 Shatter                  Erth           0%         3d5*      100%        9


Dungeon Overview and Level Annotations

Branches:
Dungeon (14/15)            Temple (0/1) D:7            Lair (0/5) D:8
    Orc (2/2) D:9             Elf (0/3) Orc:2         Sewer (visited)
 Bailey (visited)
 Vaults: D:13-14

Altars:
Ashenzari
Cheibriados
Elyvilon
Fedhas
Gozag
Hepliaklqana
Okawaru
Uskayaw
Beogh

Shops:
D:1 :   D:12 ===(*   Orc:1 *(   Orc:2 [(![::?*

Annotations:
Orc:2 Urug


Message History

There is a large open door here.
The death knight reflects your damage back at you!
The death knight reflects your damage back at you!
The death knight reflects your damage back at you!
The death knight mumbles some strange prayers to Yredelemnul against you.
Your body is wracked with pain!
* * * LOW HITPOINT WARNING * * *
Okay, then.
You make a move on Xom's chessboard...
The death knight resists with almost no effort.
You closely miss the death knight.
The death knight is severely wounded.
The death knight barely misses you.
The death knight invokes the aid of Yredelemnul against you.
Your body is wracked with pain!
* * * LOW HITPOINT WARNING * * *
You make a move on Xom's chessboard...
The death knight flickers and vanishes!
Deactivating autopickup; reactivate with Ctrl-A.
Something reflects your damage back at you!
* * * LOW HITPOINT WARNING * * *
You hear something mumble some strange prayers to Yredelemnul against you.
Your body is wracked with pain!
* * * LOW HITPOINT WARNING * * *
You feel much better.
You can't see anything.
Try to make a move anyway?
Okay, then.
You can't see anything.
Try to make a move anyway?
You make a move on Xom's chessboard...
Nothing appears to happen.
Something hits you!
* * * LOW HITPOINT WARNING * * *
Aiming: Quicksilver Bolt
Press: ? - help, Shift-Dir - straight line You hear something call down the wrath of Yredelemnul upon you.
Your body is wracked with pain!
* * * LOW HITPOINT WARNING * * *
Unknown command.
Okay, then.
As you read the scroll of teleportation, it crumbles to dust.
You feel strangely unstable. Something hits you!!
You die...

........##.....#..#
.....#..##....)#..#
.....#..##.....#..# .
.........####''#..#++####
....####.................
#...# #.................
#...+ #.#######..#######
#...# #.#..l. +..+ . #.
.. +@.+ #. #..# #..# #..#
#..# .... ##.. #.#


There were no monsters in sight!

Vanquished Creatures
  An orc warlord (Orc:2)
  3 centaur warriors (D:13)
  4 boulder beetles
  Urug (Orc:2)
  3 two-headed ogres
  Lodul (D:13)
  A deep elf pyromancer (D:7)
  An orc sorcerer (Orc:2)
  An orc knight (Bailey)
  6 ugly things (D:14)
  2 manticores
  2 cyclopes
  Maurice (D:13)
  2 gargoyles
  An unseen horror (D:10)
  A kobold demonologist (Bailey)
  A tengu conjurer (D:13)
  An efreet (D:13)
  2 trolls
  A hornet (D:9)
  3 slime creatures
  Sigmund (D:3)
  2 wraiths
  4 shadows
  17 yaks
  2 wyverns
  A basilisk (D:8)
  A vampire (D:13)
  8 vampire mosquitoes
  3 steam dragons
  A two-headed ogre zombie (D:9)
  4 wargs (Orc:2)
  An acid dragon (D:9)
  4 water moccasins (D:8)
  15 orc warriors
  4 black bears
  An ice beast (D:8)
  A sky beast (D:6)
  12 ogres
  3 wolves (D:8)
  5 centaurs
  2 phantoms
  A gnoll sergeant (D:10)
  2 kobold brigands
  A scorpion (D:5)
  A wight (D:9)
  A troll zombie (D:9)
  8 killer bees (D:10)
  5 electric eels (Bailey)
  5 howler monkeys
  A jelly (D:8)
  4 orc priests
  2 hounds
  3 iguanas
  Jessica (D:2)
  3 gnoll boudas
  A sleepcap (D:4)
  6 orc wizards
  An ogre zombie (D:9)
  10 gnolls
  8 adders
  7 river rats
  2 white imps
  An ufetubus (D:7)
  2 dart slugs (D:2)
  4 worms
  12 orcs
  2 endoplasms
  3 giant cockroaches
  11 goblins
  15 hobgoblins
  2 jackals (Sewer)
  13 kobolds
  6 quokkas
  13 ball pythons
  13 bats
  6 frilled lizards
  2 hobgoblin zombies (D:9)
  An orc skeleton (D:9)
  7 orc zombies (D:9)
  9 rats
326 creatures vanquished.

Vanquished Creatures (collateral kills)
  A hydra (D:13)
  A cyclops (D:13)
  A kobold demonologist (Bailey)
  2 trolls
  A wyvern (D:7)
  A steam dragon (D:7)
  A yak (D:10)
  A fire elemental (Orc:2)
  A vampire mosquito (D:12)
  An acid dragon (D:7)
  6 orc warriors
  A sky beast (D:8)
  An ogre (Orc:2)
  A kobold brigand (D:10)
  A bullfrog (D:8)
  2 wights (D:9)
  A troll zombie (D:9)
  3 howler monkeys
  An electric eel (Bailey)
  3 orc priests
  A gnoll bouda (Orc:1)
  4 orc wizards
  4 ogre zombies (D:9)
  11 gnolls
  2 adders
  A white imp (D:5)
  16 orcs
  3 hobgoblins (Bailey)
  A ball python (D:4)
  A goblin skeleton (D:9)
  2 hobgoblin skeletons (D:9)
  A kobold (D:7)
  2 orc skeletons (D:9)
  10 orc zombies (D:9)
90 creatures vanquished.

Vanquished Creatures (others)
  Rupert (D:13)
  An orc knight (D:13)
  A vampire mosquito (D:13)
  6 orc warriors
  5 orc wizards
  4 orc priests
  41 orcs
  3 fungi (D:8)
  6 plants
68 creatures vanquished.

Grand Total: 484 creatures vanquished

Notes
Turn   | Place    | Note
-------+----------+-------------------------------------------
     0 | D:1      | becking the Hill Orc Monk began the quest for the Orb.
     0 | D:1      | Reached XP level 1. HP: 19/19 MP: 1/1
   106 | D:1      | Found Roharij's Book Boutique.
   110 | D:1      | Reached XP level 2. HP: 26/27 MP: 2/2
   592 | D:2      | Reached XP level 3. HP: 33/33 MP: 3/3
   969 | D:2      | Reached skill level 5 in Axes
  1075 | D:2      | Noticed Jessica
  1087 | D:2      | Killed Jessica
  1088 | D:2      | Reached XP level 4. HP: 33/41 MP: 4/4
  1234 | D:3      | Noticed Sigmund
  1256 | D:3      | Killed Sigmund
  1257 | D:3      | Reached skill level 6 in Axes
  1257 | D:3      | Reached skill level 1 in Armour
  1257 | D:3      | Reached XP level 5. HP: 27/47 MP: 5/5
  1257 | D:3      | Reached XP level 6. HP: 31/53 MP: 6/6
  1347 | D:3      | Became a worshipper of Beogh the Brigand
  1347 | D:3      | Reached * piety under Beogh
  1347 | D:3      | Reached ** piety under Beogh
  1529 | D:3      | Found a blossoming altar of Fedhas.
  1794 | D:4      | Reached skill level 7 in Axes
  1847 | D:4      | Found a glowing drain.
  1872 | Sewer    | Entered a sewer
  2208 | Sewer    | Reached skill level 5 in Fighting
  2326 | Sewer    | Reached *** piety under Beogh
  2929 | D:4      | Reached XP level 7. HP: 50/61 MP: 7/7
  2931 | D:4      | Reached skill level 8 in Axes
  2931 | D:4      | Reached skill level 1 in Stealth
  3068 | D:4      | Identified a scroll of acquirement
  3069 | D:4      | Acquired the ring of Vaprymp {rPois rF++ rN+}
  3371 | D:5      | Entered Level 5 of the Dungeon
  3472 | D:5      | Found a white marble altar of Elyvilon.
  3561 | D:5      | Reached skill level 9 in Axes
  3869 | D:5      | Found a hazy altar of Hepliaklqana.
  3869 | D:5      | Found a hide-covered altar of Uskayaw.
  4080 | D:6      | Reached XP level 8. HP: 56/68 MP: 8/8
  4217 | D:6      | Reached skill level 10 in Axes
  4584 | D:7      | Found a flagged portal.
  4593 | Bailey   | Entered a bailey
  4837 | Bailey   | Reached **** piety under Beogh
  4944 | Bailey   | Reached skill level 11 in Axes
  5096 | Bailey   | Reached XP level 9. HP: 75/78 MP: 9/9
  5220 | Bailey   | Found an iron altar of Okawaru.
  5220 | Bailey   | Noticed a kobold demonologist
  5220 | Bailey   | Noticed a kobold demonologist
  5222 | Bailey   | Noticed a hellwing
  5225 | Bailey   | Killed a kobold demonologist
  5226 | Bailey   | Reached skill level 12 in Axes
  5231 | Bailey   | Killed a kobold demonologist
  5341 | Bailey   | Identified the +7 arbalest "Faukk" {flame, Dex+3}
  5488 | Bailey   | Reached skill level 5 in Armour
  5499 | Bailey   | Noticed an orc knight
  5508 | Bailey   | Killed an orc knight
  5509 | Bailey   | Reached skill level 1 in Invocations
  5509 | Bailey   | Reached skill level 1 in Evocations
  5794 | D:7      | Acquired 764 gold pieces
  5815 | D:7      | Reached skill level 13 in Axes
  5863 | D:7      | Found a staircase to the Ecumenical Temple.
  6034 | D:7      | Found a broken altar of Ashenzari.
  6060 | D:7      | Reached XP level 10. HP: 67/88 MP: 11/11
  6384 | D:7      | Noticed a deep elf pyromancer
  6389 | D:7      | Killed a deep elf pyromancer
  6805 | D:8      | Reached skill level 1 in Shields
  6825 | D:8      | Reached skill level 14 in Axes
  6864 | D:8      | Found a staircase to the Lair.
  7844 | D:9      | Noticed a two-headed ogre
  7854 | D:9      | Killed a two-headed ogre
  7941 | D:9      | Found an iron altar of Okawaru.
  7947 | D:9      | You fall into a shaft and drop 2 floors!
  7952 | D:10     | Entered Level 10 of the Dungeon
  7969 | D:10     | Reached skill level 15 in Axes
  7983 | D:9      | Reached XP level 11. HP: 78/95 MP: 12/12
  7990 | D:9      | Gained Syrus as an ally
  7997 | D:9      | Your ally Syrus died
  8217 | D:9      | Found a staircase to the Orcish Mines.
  8220 | D:9      | Reached ***** piety under Beogh
  8251 | D:9      | Reached skill level 5 in Dodging
  8405 | D:9      | Found a snail-covered altar of Cheibriados.
  8577 | D:9      | Found an opulent altar of Gozag.
  8958 | Orc:1    | Entered Level 1 of the Orcish Mines
  8986 | Orc:1    | Gained Borgun as an ally
  9077 | Orc:1    | Found Bimil's Antique Weapon Emporium.
  9142 | Orc:1    | Found a roughly hewn altar of Beogh.
  9143 | Orc:1    | Found Okoted's Overcharged Wands.
  9168 | Orc:1    | Gained Hilgar as an ally
  9169 | Orc:1    | Reached skill level 16 in Axes
  9450 | Orc:2    | Entered Level 2 of the Orcish Mines
  9450 | Orc:2    | Found Tuinoq's Book Emporium.
  9462 | Orc:2    | Found Hunyvun's Book Boutique.
  9476 | Orc:2    | Found a roughly hewn altar of Beogh.
  9550 | Orc:2    | Found Poneduh's Armour Emporium.
  9550 | Orc:2    | Noticed an animated gold dragon scales
  9551 | Orc:2    | Noticed an animated gold dragon scales
  9569 | Orc:2    | Found a staircase to the Elven Halls.
  9569 | Orc:2    | Noticed Urug
  9599 | Orc:2    | Your ally Urug died
  9629 | Orc:2    | Found Ximpes's General Store.
  9678 | Orc:2    | Found a roughly hewn altar of Beogh.
  9691 | Orc:2    | Noticed an orc sorcerer
  9698 | Orc:2    | Killed an orc sorcerer
 10024 | Orc:2    | Noticed an orc warlord
 10043 | Orc:2    | Killed an orc warlord
 10043 | Orc:2    | Reached ****** piety under Beogh
 10044 | Orc:2    | Reached skill level 10 in Fighting
 10044 | Orc:2    | Found Toinyacy's Antique Armour Shoppe.
 10044 | Orc:2    | Found a roughly hewn altar of Beogh.
 10047 | Orc:2    | Found Reschooq's Antique Weapon Emporium.
 10212 | Orc:2    | Bought a smoking chain mail for 228 gold pieces
 10212 | Orc:2    | Identified the +0 chain mail "Yluteof" {Fly Slay+5} (You
                  | bought it in a shop on level 2 of the Orcish Mines)
 10222 | Orc:2    | Bought a distressingly furry leather armour for 168 gold
                  | pieces
 10222 | Orc:2    | Identified the +2 leather armour "Yngen" {rCorr Str+5} (You
                  | bought it in a shop on level 2 of the Orcish Mines)
 10320 | Orc:2    | Found a roughly hewn altar of Beogh.
 10323 | Orc:2    | Found Nuesmiw's Distillery.
 10332 | Orc:2    | Bought a potion of degeneration for 16 gold pieces
 10332 | Orc:2    | Bought a potion of curing for 48 gold pieces
 10409 | Orc:2    | Found a roughly hewn altar of Beogh.
 10410 | Orc:2    | Found Fesyziu's Magic Scroll Emporium.
 10756 | D:10     | Noticed a two-headed ogre
 10766 | D:10     | Killed a two-headed ogre
 10792 | D:10     | Reached XP level 12. HP: 107/107 MP: 13/13
 11135 | D:11     | Gained Alork as an ally
 11702 | D:11     | Noticed a boulder beetle
 11705 | D:11     | Noticed a boulder beetle
 11714 | D:11     | Killed a boulder beetle
 11715 | D:11     | Reached skill level 17 in Axes
 11723 | D:11     | Killed a boulder beetle
 12357 | D:12     | Found Maejuo's Jewellery Boutique.
 12365 | D:12     | Bought an amulet of regeneration for 390 gold pieces
 12403 | D:12     | Found Tech's Weapon Shoppe.
 12423 | D:12     | Found Fatiulya's Jewellery Shop.
 12452 | D:12     | Found Peschemp's Jewellery Shoppe.
 12481 | D:12     | Identified the +1 spear "Welaoph" {venom, rPois Will+}
 12642 | D:12     | Reached skill level 5 in Invocations
 12779 | D:12     | Found Athisty's Assorted Antiques.
 12780 | D:12     | Noticed a two-headed ogre
 12786 | D:12     | Killed a two-headed ogre
 12826 | D:12     | Bought a scroll labelled MUTZOE APPUORAUN for 32 gold
                  | pieces
 12826 | D:12     | Bought a scroll of enchant weapon for 240 gold pieces
 12869 | D:13     | Noticed Maurice
 12869 | D:13     | Noticed a seven-headed hydra
 12875 | D:13     | Killed Maurice
 12876 | D:13     | Your ally Alork died
 12878 | D:13     | Killed an eight-headed hydra
 12969 | D:13     | Noticed a boulder beetle
 12981 | D:13     | Killed a boulder beetle
 13003 | D:13     | Gained Warrok as an ally
 13032 | D:13     | Your ally Warrok died
 13044 | D:13     | Noticed Rupert
 13046 | D:13     | Paralysed by Rupert for 3 turns
 13050 | D:13     | Noticed a centaur warrior
 13057 | D:13     | Killed Rupert
 13058 | D:13     | Reached XP level 13. HP: 51/116 MP: 2/17
 13261 | D:13     | Reached skill level 10 in Armour
 13269 | D:13     | Reached skill level 5 in Stealth
 13269 | D:13     | Noticed Lodul
 13290 | D:13     | Killed Lodul
 13689 | D:14     | Slain by a death knight

Illustrated notes

Levels and vault maps discovered:
D:1:      dpeg_arrival_orchard, layout_rooms, serial_shops,
          nicolae_shop_rolling_square
D:2:      layout_rooms, kennysheep_generic_room_3, uniq_jessica
D:3:      layout_basic, fedhas_ov_isle_minmay, kennysheep_generic_room_10,
          uniq_sigmund
D:4:      layout_basic, portal_sewer_entry_a, corexii_hall_statues_l,
          hangedman_decor_riveting, wad_orctagon
D:5:      layout_rooms, mainiacjoe_overflow_boulevard,
          gammafunk_temple_overflow_elements
D:6:      layout_rooms
D:7:      layout_cave_pools, mainiacjoe_overflow_tiny_flanked,
          minmay_temple_entry_gardened_gates, enter_bailey_2, minmay_small_thing
D:8:      layout_loops_corners, minmay_lair_entry_grove,
          kennysheep_opposing_triangles
D:9:      layout_cave_pods, kennysheep_little_box, lemuel_round_altar,
          lemuel_crystal_altar, zombieorc2_lemuel, item_on_display_a
D:10:     layout_cave_pools
D:11:     layout_layer_cave
D:12:     layout_basic, serial_shops, nicolae_shop_window_shopping,
          nicolae_shop_tiny_waterfront, nicolae_stop_n_shop_1, shop, shop,
          grunt_decor_mini_mirrors, st_stairs_9
D:13:     layout_rooms, uniq_maurice, uniq_lodul, uniq_rupert
D:14:     layout_stronghold, skrybe_vaults_entry_preservation
Orc:1:    layout_caves, basic_altar, serial_shops, shop,
          nicolae_shop_overcharged_wands
Orc:2:    grunt_orc_community_town_hall, layout_diamond_mine,
          grunt_orc_community_big_house_2, grunt_orc_community_big_house_1,
          grunt_orc_community_house_1, grunt_orc_community_house_3,
          grunt_orc_community_house_2, grunt_orc_community_house_1,
          serial_shops, nicolae_shop_mannequins, shop, shop_statue, shop,
          nicolae_orc_lava_tube, uniq_urug

Skill      XL: |  1  2  3  4  5  6  7  8  9 10 11 12 13 |
---------------+----------------------------------------+-----
Fighting       | 4 5 6 7 8 10 11 12 | 12.3
Axes           | 5 6 7 9 11 13 15 16 17 | 17.9
Armour         | 1 2 3 5 7 9 10 | 10.5
Dodging        | 3 4 5 |  5.9
Stealth        | 1 2 3 4 5 |  5.0
Invocations    | 2 6 7 |  7.8
Evocations     | 1 2 |  2.4
Shields        | 2 3 4 |  4.9

Action                     |  1- 3 |  4- 6 |  7- 9 | 10-12 | 13-15 || total
---------------------------+-------+-------+-------+-------+-------++-------
  Melee: Hand axe          |   104 |   198 |       |       |       ||   302
         War axe           |       |    11 |   194 |   459 |    92 ||   756
         Broad axe         |       |       |    32 |       |       ||    32
 Invoke: Convert to Beogh  |       |     1 |       |       |       ||     1
         Smiting           |       |       |     3 |     6 |       ||     9
  Evoke: Wand              |       |       |     9 |     3 |     2 ||    14
         Piece from Xom's  |       |       |       |     1 |     4 ||     5
    Use: Potion            |       |     4 |     3 |     3 |     1 ||    11
         Scroll            |       |     8 |    11 |     7 |     1 ||    27
   Stab: Sleeping          |       |       |       |     1 |       ||     1
         Distracted        |       |       |       |     8 |       ||     8
 Armour: Robe              |    15 |       |       |       |       ||    15
         Leather armour    |       |    43 |     4 |       |       ||    47
         Chain mail        |       |       |    53 |    46 |    13 ||   112
         Ring mail         |       |       |     7 |    60 |       ||    67
  Dodge: Dodged            |    59 |   221 |   139 |   213 |    55 ||   687
  Block: Buckler           |       |       |     7 |    82 |    18 ||   107
         Reflection        |       |       |       |     5 |     4 ||     9
